 Dungeon Crawl Stone Soup version 0.20-a0-350-ga83eecc (webtiles) character file.

87775 RonnieColeman the Thaumaturge (level 15, -24/93 (95) HPs)
             Began as an Octopode Conjurer on Dec 23, 2016.
             Was a High Priest of Vehumet.
             Annihilated by a reaper
             ... wielding a +2 scythe of venom
             ... summoned by the malice of Kikubaaqudgha
              (41 damage)
             ... on level 1 of the Swamp.
             The game lasted 02:46:12 (34189 turns).

RonnieColeman the Thaumaturge (Octopode Conjurer)  Turns: 34189, Time: 02:46:13

HP:   -24/93 (95)   AC:  2    Str:  7      XL:     15   Next: 91%
MP:   29/57         EV: 16    Int: 21 (23) God:    Vehumet [*****.]
Gold: 1103          SH:  7    Dex: 16      Spells: 9/42 levels left

rFire  . . .     SeeInvis +     k - staff of power
rCold  . . .     Gourm    .     T - +2 buckler
rNeg   . . .     Faith    +     O - +1 hat {SInv}
rPois  .         Spirit   .     z - amulet of faith
rElec  .         Reflect  .     v - ring of resist corrosion
rCorr  +         Harm     .     N - ring of flight
MR     +....                    L - ring of magical power
Stlth  ++++......               p - +2 ring of dexterity
                                d - +2 ring of evasion
                                w - ring of stealth
                                (no ring)
                                (no ring)

@: no status effects
A: almost no armour, stealthy swim, amphibious, 8 rings, constrict 8, camouflage
1, gelatinous body 1
a: Renounce Religion, Evoke Flight


You were on level 1 of the Swamp.
You worshipped Vehumet.
Vehumet was extremely pleased with you.
You were hungry.

You visited 5 branches of the dungeon, and saw 25 of its levels.
You visited 1 bazaar.
You also visited: Labyrinth.

You collected 2096 gold pieces.
You spent 993 gold pieces at shops.

Inventory:

Hand Weapons
 r - the +9 war axe "Tuewk" {freeze, Int+2}
   (You found it on level 3 of the Lair of Beasts)

   It has been specially enchanted to freeze those struck by it, causing extra
   injury to most foes and up to half again as much damage against particularly
   susceptible opponents.
   It can also slow down cold-blooded creatures.
   It affects your intelligence (+2).
Armour
 g - a +2 hat
 O - a +1 hat of see invisible (worn)
 T - a +2 buckler (worn)
Magical Staves
 k - an uncursed staff of power (weapon)
 W - an uncursed staff of energy
Jewellery
 d - a +2 ring of evasion (on tentacle)
 p - a +2 ring of dexterity (on tentacle)
 q - the amulet "Mualiseo" {rPois rC- Regen+ Dex+8 SInv}
   (You bought it in a shop in a bazaar)

   [amulet of regeneration]

   It affects your dexterity (+8).
   It makes you vulnerable to cold.
   It protects you from poison.
   It lets you see invisible.
   It increases your rate of regeneration.
 v - a ring of resist corrosion (left tentacle)
 w - a ring of stealth (on tentacle)
 y - an uncursed amulet of magic regeneration
 z - an amulet of faith (around mantle)
 L - a ring of magical power (on tentacle)
 N - a ring of flight (right tentacle)
Scrolls
 a - 2 scrolls of magic mapping
 o - 3 scrolls of identify
 t - 5 scrolls of teleportation
 x - 2 scrolls of fog
 B - 7 scrolls of remove curse
 E - a scroll of fear
Potions
 e - 13 potions of curing
 f - 2 potions of magic
 h - 2 potions of ambrosia
 j - 3 potions of agility
 l - a potion of cancellation
 s - 4 potions of might
 P - 4 potions of brilliance
Miscellaneous
 A - a phantom mirror
Comestibles
 b - 9 bread rations
 c - 11 meat rations
 i - 2 chunks of flesh
 C - 5 fruits
 K - 14 royal jellies
 Q - a slice of pizza
 U - a beef jerky


   Skills:
 + Level 6.4 Fighting
 - Level 3.5 Axes
 - Level 2.0 Dodging
 - Level 2.6 Stealth
 - Level 5.0 Shields
 + Level 14.3 Spellcasting
 * Level 13.4 Conjurations
 - Level 8.3 Charms
 - Level 9.1 Necromancy
 * Level 11.8 Fire Magic


You had 9 spell levels left.
You knew the following spells:

 Your Spells              Type           Power        Failure   Level  Hunger
a - Magic Dart            Conj           ####         0%          1    None
b - Iskenderun's Battles  Conj/Chrm      ######..     1%          5    ###....
c - Iskenderun's Mystic   Conj           ######..     1%          4    None
d - Fireball              Conj/Fire      ######....   1%          5    ###....
e - Bolt of Fire          Conj/Fire      ######....   1%          6    #####..
f - Delayed Fireball      Conj/Fire      N/A          5%          7    ######.
g - Bolt of Draining      Conj/Necr      ######....   1%          5    ###....
m - Sublimation of Blood  Necr           ######....   1%          2    None
n - Regeneration          Chrm/Necr      ######....   1%          3    None


Dungeon Overview and Level Annotations

Branches:
Dungeon (15/15)            Temple (1/1) D:7            Lair (6/6) D:10
  Swamp (1/4) Lair:2       Spider (0/4) Lair:4        Slime (0/5) Lair:6
    Orc (2/2) D:9             Elf (0/3) Orc:2        Depths (0/5) D:15
 Vaults: D:13-14

Altars:
Ashenzari
Cheibriados
Dithmenos
Elyvilon
Fedhas
Gozag
Hepliaklqana
Kikubaaqudgha
Makhleb
Nemelex Xobeh
Okawaru
Qazlal
Ru
Sif Muna
Trog
Uskayaw
Vehumet
Xom
Yredelemnul
Zin
The Shining One
Jiyva

Shops:
D:9 !%[*   Orc:2 (:!*

Annotations:
Lair:6 1 runed door
Orc:1 Jraekied's ghost, journeyman DsAK


Innate Abilities, Weirdness & Mutations

You cannot wear most types of armour.
You are very stealthy in the water. (Stealth+)
You are amphibious.
You can wear up to eight rings at the same time.
You can use your tentacles to constrict eight enemies at once.
Your skin changes colour to match your surroundings (Stealth+).
Your rubbery body absorbs attacks. (AC +1, EV +1)


Message History

Unknown command.
Okay, then.
Okay, then.
Casting: Bolt of Fire
Confirm with . or Enter, or press ? or * to list all spells.
Aiming: Bolt of Fire
Press: ? - help, Shift-Dir - straight line, f/p - reaper
Aim: a reaper, wielding a scythe of venom (severely wounded, summoned)
Okay, then.
Casting: Bolt of Fire
Confirm with . or Enter, or press ? or * to list all spells.
Aiming: Bolt of Fire
Press: ? - help, Shift-Dir - straight line, f - komodo dragon, p - reaper
Aim: a komodo dragon The bolt of fire hits the eight-headed hydra skeleton.
The eight-headed hydra skeleton is almost destroyed.
Your battlesphere fires!
Your battlesphere is engulfed in roaring flames.
The reaper hits you from afar with a scythe of venom!!!
You die...

...♣.♣♣♣.≈≈≈.≈≈≈.≈≈.≈≈≈≈≈.≈≈♣≈.≈.
♣§.♣♣♣ ♣♣≈......≈≈........♣≈≈≈...
... ♣♣.♣.≈§≈≈♣≈.≈≈.≈≈...≈..≈. ♣.
♣.≈..§.≈♣≈.≈≈.≈≈≈≈≈≈≈§≈.
♣♣≈.≈♣.≈≈..>..≈≈..≈≈..≈.
♣♣....≈≈≈.≈≈≈≈≈♣..≈§≈≈.
♣.≈≈.≈≈≈...≈≈ ♣♣.....≈.♣.≈♣
♣§§2.@♣....≈ ♣♣♣♣§Z.≈≈≈≈≈≈
♣§*§≈≈..≈≈ ♣§.§♣≈♣.♣. ♣♣§§≈.§.(.
♣♣≈.≈.≈§ ♣.≈≈≈.. .l..≈. .≈≈.≈


You could see a reaper, an eight-headed hydra skeleton and a friendly
battlesphere.

Vanquished Creatures
  Gastronok (Lair:1)
  A fire giant (D:15)
  A minotaur (Lab)
  Josephine (Lair:6)
  Fannar (D:10)
  Harold (D:12)
  7 hydras
  4 two-headed ogres
  A centaur warrior (D:15)
  A dancing weapon (Orc:2)
  Urug (Lair:2)
  4 orc high priests (Orc:2)
  3 tengu warriors
  5 unseen horrors
  2 orc knights
  A wizard (D:14)
  9 ugly things
  2 oklob plants
  A wolf spider zombie (D:15)
  2 cyclopes
  2 manticores
  3 orc sorcerers
  4 deep elf magi
  2 black mambas
  Joseph (Lair:1)
  2 centaur zombies (D:10)
  17 spiny frogs
  A torpor snail (Lair:6)
  A kobold demonologist (D:15)
  12 komodo dragons
  2 hydra zombies (Swamp:1)
  5 polar bears
  3 trolls
  9 hornets
  2 wind drakes (shapeshifter)
  A tyrant leech (Lair:2)
  2 hydra skeletons (Swamp:1)
  19 blink frogs
  Prince Ribbit (D:8)
  A merfolk skeleton (Bazaar)
  9 slime creatures
  An alligator zombie (Swamp:1)
  6 hippogriffs
  6 wyverns
  6 wraiths
  3 shadows
  16 spriggans
  47 yaks
  Grum (D:8)
  6 hungry ghosts
  A basilisk (D:15)
  A tyrant leech zombie (Swamp:1)
  2 wargs
  17 vampire mosquitoes
  A spriggan skeleton (Swamp:1)
  A human zombie (D:12)
  A two-headed ogre zombie (D:9)
  5 swamp worms (Swamp:1)
  10 porcupines
  12 water moccasins
  4 black bears
  2 spiny frog skeletons (Bazaar)
  3 swamp drakes
  2 sky beasts
  18 orc warriors
  5 ice beasts
  5 phantoms
  16 ogres
  11 centaurs
  4 boggarts (Lair:6)
  2 elf skeletons
  2 manticore zombies
  2 necrophages
  39 wolves
  11 crocodiles
  A vampire mosquito zombie (Swamp:1)
  Blork the orc (D:6)
  A big kobold (D:14)
  A wyvern zombie (D:10)
  A hippogriff zombie (D:12)
  A komodo dragon zombie (D:14)
  A komodo dragon skeleton (Bazaar)
  A gnoll sergeant (D:10)
  22 bullfrogs
  A wyvern skeleton (D:9)
  3 scorpions
  3 troll zombies (D:9)
  A warg skeleton (Orc:2)
  A cyclops skeleton (D:15)
  A troll skeleton (Orc:2)
  13 wights
  4 howler monkeys
  6 crimson imps
  A quasit (D:15)
  2 bullfrog zombies
  A hound (D:10)
  4 bullfrog skeletons
  4 centaur skeletons
  7 jellies
  25 orc priests
  36 orc wizards
  Jessica (D:3)
  3 iguanas
  Natasha (thrice) (D:2)
  11 worker ants
  An acid dragon zombie (D:10)
  5 ogre zombies
  An ogre skeleton (Orc:2)
  3 hound skeletons
  A hound zombie (D:15)
  2 howler monkey zombies
  A worker ant zombie (D:5)
  10 adders
  5 gnolls
  A howler monkey skeleton (D:8)
  A river rat (D:6)
  A swamp drake zombie (Swamp:1)
  5 shadow imps
  7 oozes
  2 adder skeletons
  2 adder zombies
  7 worms
  4 dart slugs
  7 leopard geckos
  58 orcs
  A bat skeleton (D:13)
  7 giant cockroaches
  A gnoll zombie (D:10)
  10 goblins
  5 hobgoblins
  16 jackals
  15 kobolds
  7 quokkas
  4 ball pythons
  A ball python skeleton (D:15)
  6 bats
  10 frilled lizards
  A frilled lizard zombie (D:15)
  A goblin skeleton (D:9)
  2 goblin zombies (D:9)
  9 hobgoblin zombies
  2 jackal skeletons
  A leopard gecko skeleton (D:6)
  9 orc skeletons
  16 orc zombies
  2 quokka zombies
  16 rats
  3 bushes (Lair:3)
  A fungus (Lair:6)
848 creatures vanquished.

Vanquished Creatures (others)
  A bat (D:1)
  7 fungi
  6 plants
14 creatures vanquished.

Grand Total: 862 creatures vanquished

Notes
Turn   | Place    | Note
-------+----------+-------------------------------------------
     0 | D:1      | RonnieColeman the Octopode Conjurer began the quest for the Orb.
     0 | D:1      | Reached XP level 1. HP: 11/11 MP: 3/3
   253 | D:1      | Reached XP level 2. HP: 11/17 MP: 0/5
   714 | D:1      | Reached XP level 3. HP: 21/21 MP: 0/7
   892 | D:1      | Found a burning altar of Makhleb.
   930 | D:1      | Reached skill level 3 in Spellcasting
  1721 | D:2      | Reached XP level 4. HP: 26/27 MP: 8/8
  1911 | D:2      | Noticed Natasha
  1919 | D:2      | Killed Natasha
  2211 | D:2      | Found a bloodstained altar of Trog.
  2279 | D:2      | Reached skill level 5 in Conjurations
  2279 | D:2      | Reached XP level 5. HP: 25/31 MP: 6/10
  2492 | D:2      | Noticed Natasha
  2497 | D:2      | Killed Natasha
  2497 | D:2      | Reached skill level 4 in Spellcasting
  2657 | D:2      | Noticed Natasha
  2663 | D:2      | Killed Natasha
  2940 | D:3      | Reached XP level 6. HP: 32/36 MP: 8/13
  3518 | D:3      | Noticed Jessica
  3528 | D:3      | Killed Jessica
  3528 | D:3      | Reached skill level 5 in Spellcasting
  3655 | D:4      | Found a shadowy altar of Dithmenos.
  3752 | D:4      | Learned a level 4 spell: Iskenderun's Mystic Blast
  3759 | D:4      | Reached XP level 7. HP: 41/41 MP: 2/15
  4455 | D:5      | Entered Level 5 of the Dungeon
  4638 | D:5      | Reached skill level 6 in Spellcasting
  5347 | D:5      | Noticed a hungry ghost
  5441 | D:5      | Killed a hungry ghost
  5679 | D:5      | Reached XP level 8. HP: 34/46 MP: 9/18
  5960 | D:6      | Reached skill level 7 in Spellcasting
  6023 | D:6      | Noticed Blork the orc
  6028 | D:6      | Killed Blork the orc
  6550 | D:6      | Reached skill level 8 in Spellcasting
  6814 | D:6      | Learned a level 5 spell: Iskenderun's Battlesphere
  6882 | D:7      | Reached skill level 1 in Charms
  6942 | D:7      | Found an ancient bone altar of Kikubaaqudgha.
  6948 | D:7      | Found a bloodstained altar of Trog.
  6971 | D:7      | Became a worshipper of Kikubaaqudgha
  7034 | D:7      | Reached XP level 9. HP: 52/52 MP: 16/21
  7052 | D:7      | Reached skill level 1 in Fighting
  7142 | D:7      | Found a staircase to the Ecumenical Temple.
  7229 | D:7      | Found a bloodstained altar of Trog.
  7341 | D:7      | Reached * piety under Kikubaaqudgha
  7341 | D:7      | Identified Kikubaaqudgha's Reference Book on Darkness (Kikubaaqudgha gifted it to you on level 7 of the Dungeon)
  7341 | D:7      | Received a gift from Kikubaaqudgha
  7346 | D:7      | Learned a level 2 spell: Sublimation of Blood
  7350 | D:7      | Learned a level 3 spell: Regeneration
  7786 | D:7      | Noticed a brown ugly thing
  7793 | D:7      | Killed a brown ugly thing
  7873 | D:7      | Reached skill level 9 in Spellcasting
  7932 | Temple   | Entered the Ecumenical Temple
  8192 | D:8      | Found a hide-covered altar of Uskayaw.
  8240 | D:8      | Reached skill level 5 in Charms
  8352 | D:8      | Reached skill level 1 in Necromancy
  8362 | D:8      | Noticed Prince Ribbit
  8887 | D:8      | Reached XP level 10. HP: 39/63 MP: 3/23
  8904 | D:8      | Noticed Grum
  9071 | D:8      | Killed Grum
  9371 | D:8      | Reached ** piety under Kikubaaqudgha
  9515 | D:8      | Killed Prince Ribbit
  9972 | D:9      | Found Yliedweu's General Store.
 10030 | D:9      | Found a glowing golden altar of the Shining One.
 10061 | D:9      | Found a stormy altar of Qazlal.
 10062 | D:9      | Found a white marble altar of Elyvilon.
 10078 | D:9      | Noticed a two-headed ogre
 10103 | D:9      | Killed a two-headed ogre
 10212 | D:9      | Found Rubysecy's Antique Armour Emporium.
 10334 | D:9      | Found a staircase to the Orcish Mines.
 10368 | D:9      | Found Etaos's Food Shop.
 10733 | D:9      | Reached *** piety under Kikubaaqudgha
 10733 | D:9      | Identified Kikubaaqudgha's Collected Works on Black Magic (Kikubaaqudgha gifted it to you on level 9 of the Dungeon)
 10733 | D:9      | Received a gift from Kikubaaqudgha
 10778 | D:9      | Learned a level 5 spell: Bolt of Draining
 10974 | D:9      | Found a blossoming altar of Fedhas.
 10990 | D:9      | Found a sparkling altar of Nemelex Xobeh.
 10992 | D:9      | Found a glowing silver altar of Zin.
 11071 | D:9      | Reached skill level 1 in Shields
 11317 | D:9      | Found Vennetou's Distillery.
 12110 | D:10     | Entered Level 10 of the Dungeon
 12211 | D:10     | Reached skill level 10 in Spellcasting
 12211 | D:10     | Reached skill level 5 in Necromancy
 12211 | D:10     | Reached XP level 11. HP: 67/67 MP: 13/25
 12217 | D:10     | Reached **** piety under Kikubaaqudgha
 12708 | D:10     | Noticed Fannar
 12975 | D:10     | Paralysed by a gnoll for 3 turns
 13177 | D:10     | Noticed a manticore
 13182 | D:10     | Killed a manticore
 13523 | D:10     | Killed Fannar
 13637 | D:10     | Got a slimy zirconium amulet
 14043 | D:10     | Found a staircase to the Lair.
 14089 | D:10     | Identified the amulet of Fafainun {Harm *Drain rF+} (You took it off Fannar on level 10 of the Dungeon)
 14114 | Lair:1   | Entered Level 1 of the Lair of Beasts
 14179 | Lair:1   | Noticed Joseph
 14187 | Lair:1   | Killed Joseph
 14475 | Lair:1   | Noticed Gastronok
 15022 | Lair:1   | Killed Gastronok
 15233 | Lair:1   | Reached XP level 12. HP: 72/72 MP: 26/26
 15262 | Lair:1   | Reached skill level 11 in Spellcasting
 15489 | Lair:1   | Reached ***** piety under Kikubaaqudgha
 16057 | Lair:2   | Found a staircase to the Swamp.
 16267 | Lair:2   | Reached skill level 10 in Conjurations
 16800 | Lair:2   | Noticed Urug
 17002 | Lair:2   | Killed Urug
 17149 | Lair:2   | Reached skill level 5 in Shields
 17901 | Lair:3   | Reached skill level 12 in Spellcasting
 17914 | Lair:3   | Got a polished flail
 17998 | Lair:3   | Got a scorched war axe
 18225 | Lair:3   | Identified the +11 flail "Ruarhirph" {freeze, MR+} (You found it on level 3 of the Lair of Beasts)
 18226 | Lair:3   | Identified the +9 war axe "Tuewk" {freeze, Int+2} (You found it on level 3 of the Lair of Beasts)
 18540 | Lair:4   | Noticed a five-headed hydra
 18548 | Lair:4   | Killed a five-headed hydra
 18548 | Lair:4   | Reached XP level 13. HP: 77/77 MP: 23/29
 18595 | Lair:4   | Reached skill level 1 in Axes
 18613 | Lair:4   | Found a hole to the Spider Nest.
 18824 | Lair:4   | Found a hide-covered altar of Uskayaw.
 19787 | Lair:5   | Reached ****** piety under Kikubaaqudgha
 20055 | D:7      | Received a gift from Kikubaaqudgha
 21154 | Lair:6   | Entered Level 6 of the Lair of Beasts
 21378 | Lair:6   | Noticed Josephine
 21385 | Lair:6   | Killed Josephine
 21424 | Lair:6   | Reached skill level 13 in Spellcasting
 21561 | Lair:6   | Learned a level 5 spell: Fireball
 21569 | Lair:6   | Learned a level 7 spell: Delayed Fireball
 21596 | Lair:6   | Reached skill level 1 in Fire Magic
 22009 | Lair:6   | Found a runed door.
 22010 | Lair:6   | Found a viscous altar of Jiyva.
 22014 | Lair:6   | Found a staircase to the Slime Pits.
 22031 | Lair:6   | Reached XP level 14. HP: 86/86 MP: 14/31
 22209 | Lair:6   | Reached skill level 5 in Fire Magic
 23276 | Lair:1   | Learned a level 6 spell: Bolt of Fire
 23469 | Temple   | Fell from the grace of Kikubaaqudgha
 23469 | Temple   | Became a worshipper of Vehumet
 23567 | Orc:1    | Entered Level 1 of the Orcish Mines
 23981 | Orc:2    | Entered Level 2 of the Orcish Mines
 24055 | Orc:2    | Found a staircase to the Elven Halls.
 24762 | Orc:2    | Reached * piety under Vehumet
 24762 | Orc:2    | Offered knowledge of Sandblast by Vehumet.
 25623 | Orc:2    | Reached ** piety under Vehumet
 25625 | Orc:2    | Offered knowledge of Throw Flame by Vehumet.
 25749 | Orc:2    | Found Geutosel's Distillery.
 25749 | Orc:2    | Found Ete Ruwn's Assorted Antiques.
 25752 | Orc:2    | Found Maisoz's Book Shoppe.
 25754 | Orc:2    | Found Mamunt's Antique Weapon Shoppe.
 26281 | Orc:1    | Noticed Jraekied's ghost (journeyman DsAK)
 26521 | D:11     | Offered knowledge of Mephitic Cloud by Vehumet.
 27027 | D:11     | Reached *** piety under Vehumet
 27656 | D:12     | Offered knowledge of Conjure Flame by Vehumet.
 27668 | D:12     | Noticed Harold
 27749 | D:12     | Killed Harold
 28335 | D:13     | Reached **** piety under Vehumet
 28380 | D:13     | Reached XP level 15. HP: 85/90 MP: 32/32
 28381 | D:13     | Reached skill level 10 in Fire Magic
 28550 | D:14     | Offered knowledge of Olgreb's Toxic Radiance by Vehumet.
 28672 | D:14     | Found a flickering gateway to a bazaar.
 28678 | Bazaar   | Entered a bazaar
 28678 | Bazaar   | Found Etoxen's Jewellery Emporium.
 28678 | Bazaar   | Found Elayl's Antique Weapon Shoppe.
 28678 | Bazaar   | Found Ceqoptea's Food Emporium.
 28845 | Bazaar   | Bought the amulet "Mualiseo" {rPois rC- Regen+ Dex+8 SInv} for 993 gold pieces
 29090 | D:14     | Reached skill level 5 in Fighting
 29528 | D:14     | Reached skill level 14 in Spellcasting
 29743 | D:15     | Entered Level 15 of the Dungeon
 29771 | D:15     | Reached ***** piety under Vehumet
 29849 | D:15     | Offered knowledge of Spellforged Servitor by Vehumet.
 29989 | D:15     | Found a labyrinth entrance.
 30001 | Lab      | Entered a labyrinth
 30192 | Lab      | Identified the Compendium of the Thoughtful Places
 30214 | Lab      | Got an ancient hand crossbow
 30237 | Lab      | Identified the +7 hand crossbow "Minoomm" {speed, rC- Str+2 SInv} (You found it in a labyrinth)
 30694 | D:15     | Found an opulent altar of Gozag.
 30845 | D:15     | Found a staircase to the Depths.
 30845 | D:15     | Noticed a fire giant
 30851 | D:15     | Killed a fire giant
 32525 | Swamp:1  | Entered Level 1 of the Swamp
 34183 | Swamp:1  | Was forgiven by Kikubaaqudgha
 34189 | Swamp:1  | Annihilated by a reaper

Vault maps used:
D:1:      shiori_arrival_elements, minmay_hexomino_r4
D:2:      lemuel_tele_altar, uniq_natasha
D:3:      first_bread, kennysheep_jessica_study
D:4:      nicolae_dithmenos_through_a_glass_darkly
D:6:      portal_sewer_entry_e, uniq_blork_the_orc
D:7:      bloody_trog, basic_altar, nicolae_ossuary_entry_plus,
          hangedman_decor_diamond_cutter, minivault_23,
          grunt_decor_mini_mirrors, minmay_ruined_shrine
D:8:      eat_drink_and_be_merry_uskayaw, uniq_prince_ribbit1, uniq_grum
D:9:      nicolae_overflow_hidden_temple, lemuel_coloured_pillars_altar,
          zombieorc2_lemuel, basic_altar, serial_shops, shop, shop, shop, shop
D:10:     erik_lair_dragon, uniq_fannar
D:12:     uniq_harold
D:13:     grunt_vaults_entry_fortified
D:14:     corexii_corridor_pit, serial_shops, bzr_in_the_mist,
          hangedman_little_slice_of_home
D:15:     grunt_enter_depths_giant_problem, lab_entry_generic,
          nicolae_gozag_cash_rules_everything_around_me
Temple:   zaba_magenta_temple
Lair:1:   infiniplex_staircase_pool, uniq_gastronok, uniq_joseph
Lair:2:   minmay_swamp_entry_worms, beast_lair_carwin_8,
          infiniplex_staircase_pool_2, uniq_urug
Lair:3:   minmay_lair_oklob_bushes, columned_hall_lemuel, serial_bayou_pond_a
Lair:4:   dummy_spider_entry, lemuel_oklob_altar
Lair:5:   grunt_megastairs_2
Lair:6:   minmay_lair_end_enchanted_forest, slime_altar_2,
          grunt_forest_large_clearing_hut, uniq_josephine
Swamp:1:  nicolae_swamp_dense_foliage, swamp_pool4
Orc:1:    mines4_lemuel
Orc:2:    st_orc_mages
Lab:      labyrinth_hidden_loot, nicolae_lab_garden, labyrinth_glass_1,
          nicolae_lab_arrow, nicolae_lab_x, nicolae_lab_grate_2,
          nicolae_lab_dead_end, nicolae_lab_hexagon, lab_statue,
          nicolae_lab_very_dead_end, labyrinth_skeletal_remains
Bazaar:   bazaar_minmay_row

Skill      XL: |  1  2  3  4  5  6  7  8  9 10 11 12 13 14 15 |
---------------+----------------------------------------------+-----
Spellcasting   | 3 4 5 6 8 9 10 12 13 14 | 14.3
Conjurations   | 5 6 7 9 11 12 13 | 13.4
Charms         | 1 5 8 |  8.3
Fighting       | 3 4 6 |  6.4
Necromancy     | 1 5 7 8 9 |  9.1
Shields        | 1 3 5 |  5.0
Axes           | 3 |  3.5
Fire Magic     | 4 9 11 | 11.8
Dodging        | |  2.0
Stealth        | |  2.6

Action                   |  1- 3 |  4- 6 |  7- 9 | 10-12 | 13-15 || total
-------------------------+-------+-------+-------+-------+-------++-------
Melee: Unarmed           |    46 |       |       |       |       ||    46
       Constrict         |    25 |    12 |    42 |    23 |     9 ||   111
       Tentacles         |    12 |     4 |    24 |    22 |    14 ||    76
       Whip              |    29 |    63 |   200 |    92 |       ||   384
       Dagger            |    10 |       |       |       |       ||    10
       Short sword       |       |       |     4 |       |       ||     4
       Spear             |       |       |       |    26 |       ||    26
       War axe           |       |       |       |       |   111 ||   111
 Cast: Magic Dart        |    32 |    69 |   162 |   336 |   436 ||  1035
       Iskenderun's Myst |       |     2 |    72 |   100 |   289 ||   463
       Iskenderun's Batt |       |       |       |    65 |   141 ||   206
       Bolt of Draining  |       |       |       |    39 |    40 ||    79
       Regeneration      |       |       |       |       |     1 ||     1
       Fireball          |       |       |       |       |    48 ||    48
       Bolt of Fire      |       |       |       |       |    57 ||    57
       Delayed Fireball  |       |       |       |       |     8 ||     8
       Sublimation of Bl |       |       |       |       |     2 ||     2
Invok: Receive Necronomi |       |       |       |       |     1 ||     1
 Abil: Release Delayed F |       |       |       |       |     8 ||     8
Evoke: Wand              |       |       |     1 |     4 |       ||     5
  Use: Scroll            |       |     4 |     3 |    16 |    18 ||    41
       Potion            |       |       |     4 |     6 |     4 ||    14
 Stab: Sleeping          |     6 |    12 |     5 |       |       ||    23
       Distracted        |       |       |       |     1 |       ||     1
  Eat: Chunk             |     3 |     6 |    24 |    40 |    76 ||   149
       Meat ration       |       |       |     2 |     1 |       ||     3
       Pizza             |       |       |     1 |       |       ||     1
       Beef jerky        |       |       |       |     3 |     4 ||     7
Armor: Skin              |    12 |     1 |    14 |    10 |    39 ||    76
Dodge: Dodged            |    60 |    36 |   162 |   109 |   151 ||   518
Block: Buckler           |       |       |       |     7 |    93 ||   100
